 Dungeon Crawl Stone Soup version 0.31.0-12-g77e489cdc1 (webtiles) character file.

Game seed: 4492430830557739079

9259 unlimited1921 the Blocker (level 11, -7/67 HPs)
             Began as a Djinni Fire Elementalist on Mar 1, 2024.
             Was an Initiate of Ashenzari.
             Mangled by a shadow (28 damage)
             ... on level 10 of the Dungeon.
             The game lasted 01:14:33 (16174 turns).

unlimited1921 the Blocker (DjFE)                   Turns: 16174, Time: 01:14:34

Health: -7/67      AC: 14    Str:  7    XL:     11   Next: 71%
Gold:   332        EV: 12    Int: 21    God:    Ashenzari [......] SH: 14 Dex: 17

rFire   + + .        n - +2 war axe (freeze)
rCold   x . .        F - +2 kite shield
rNeg    . . .        a - +0 robe
rPois   ∞            x - +0 helmet
rElec   .            G - +1 cloak
rCorr   .            K - +0 pair of gloves {Dex+3}
SInv    .            (boots unavailable)
Will    +....        (no amulet)
Stlth   +++          e - ring of Ashenzari's Repose {AC+4, Self, Bglg} (curse)
HPRegen 0.31/turn    A - +4 ring of protection
MPRegen 0.00/turn

%: infuse magic (-8 HP)
@: flying
A: sickness immunity, fire resistance 2, cold vulnerability 1, float, innate
caster, HP casting, extra vitality 1
a: Renounce Religion, Curse Item, Shatter the Chains


You were on level 10 of the Dungeon.
You worshipped Ashenzari.
Ashenzari was noncommittal.
You visited 2 branches of the dungeon, and saw 11 of its levels.
You also visited: Sewer.

You collected 722 gold pieces.
You spent 390 gold pieces at shops.

Inventory:

Hand Weapons
 n - a +2 war axe of freezing (weapon)
 q - a +0 trident
 B - a +2 short sword of draining
 H - a +0 spectral short sword
 M - a +0 whip of electrocution
 N - a +5 hand axe
Missiles
 p - 29 poisoned darts
 s - 7 curare-tipped darts
 J - a throwing net
Armour
 a - a +0 robe (worn)
 d - a +0 ring mail
 f - a +0 leather armour
 j - a +0 helmet
 l - a +0 pair of gloves
 x - a +0 helmet (worn)
 y - an orb of guile
 F - a +2 kite shield (worn)
 G - a +1 cloak (worn)
 K - a +0 pair of gloves of dexterity (worn)
 L - a +0 helmet
 R - a +0 helmet
 T - a +2 robe of cold resistance
Jewellery
 e - the cursed ring of Ashenzari's Repose (left hand) {AC+4, Self, Bglg}
   (You found it on level 1 of the Dungeon)

   [ring of protection]

   AC+4:      It affects your AC (+4).
   It has a curse which improves the following skills: Introspection: Fighting
   and Spellcasting.
   Beguiling: Hexes and Translocations.
 A - a +4 ring of protection (right hand)
 I - a ring of willpower
Wands
 v - a wand of flame (11)
 C - a wand of mindburst (25)
 P - a wand of quicksilver (8)
 Q - a wand of paralysis (13)
Scrolls
 b - 2 scrolls of fog
 g - 5 scrolls of teleportation
 h - 3 scrolls of blinking
 i - 5 scrolls of revelation {unknown}
 k - a scroll of poison
 m - 4 scrolls of noise {unknown}
 o - a scroll of enchant weapon
 E - 2 scrolls of enchant armour {unknown}
 O - a scroll of immolation {unknown}
Potions
 c - a potion of heal wounds
 r - 3 potions of mutation {unknown}
 t - a potion of resistance {unknown}
 u - a potion of ambrosia
 w - 2 potions of curing {unknown}
 z - 4 potions of enlightenment
 D - a potion of brilliance {unknown}
 S - a potion of berserk rage {unknown}


   Skills:
 + Level 1.2(1.4) Fighting
 + Level 2.6 Axes
 * Level 2.2 Armour
 + Level 4.5 Dodging
 + Level 5.1 Stealth
 + Level 10.0 Shields
 * Level 10.0(10.4) Spellcasting
 * Level 10.0 Conjurations
 * Level 10.0(10.4) Hexes
 * Level 10.0 Summonings
 * Level 10.0 Necromancy
 * Level 10.0(10.4) Translocations
 * Level 10.0 Fire Magic
 * Level 10.0 Ice Magic
 * Level 10.0 Air Magic
 * Level 10.0 Earth Magic
 * Level 10.0 Alchemy


You knew the following spells:

 Your Spells              Type           Power      Damage    Failure   Level
a - Foxfire               Conj/Fire      100%       2x1d9     1%          1
b - Scorch                Fire           100%       2d9       1%          2
c - Volatile Blastmotes   Fire/Tloc      100%       2d18      1%          3
d - Inner Flame           Hex/Fire       52%        N/A       1%          3
e - Flame Wave            Conj/Fire      52%        2d13      3%          4
f - Sandblast             Erth           100%       2d20      1%          1
g - Searing Ray           Conj           100%       2d8       1%          2
h - Stone Arrow           Conj/Erth      100%       3d13      1%          3
i - Brom's Barrelling Bo  Conj/Erth      52%        2d7       3%          4
j - Ignite Poison         Fire/Alch      52%        N/A       3%          4
Your spell library was empty.

Dungeon Overview and Level Annotations

Branches:
Dungeon (10/15)            Temple (1/1) D:4           Sewer (visited)
   Lair: D:8-11         Orc: D:9-12

Altars:
Ashenzari
Cheibriados
Dithmenos
Elyvilon
Fedhas
Gozag
Hepliaklqana
Makhleb
Nemelex Xobeh
Okawaru
Qazlal
Ru
Trog
Uskayaw
Wu Jian
Xom
Yredelemnul
Zin
The Shining One

Shops:
D:4 [   D:9 =!!(!   D:10 [

Annotations:
D:7 2 transporters, tymior's ghost, novice DgDe


Innate Abilities, Weirdness & Mutations

You are immune to sickness and miasma.
You are immune to poison.
Your flesh is very heat resistant. (rF++)
You are vulnerable to cold. (rC-)
You float through the air rather than walking.
You learn spells naturally, not from books.
Your magical power is your life essence.
You have superior vitality. (+4 MHP)


Message History

Aim: a two-headed ogre, wielding two +0 giant clubs (chance to affect: 85%)
The two-headed ogre is filled with an inner flame.
The shadow slips into darkness.
The shadow flickers and vanishes!
Deactivating autopickup; reactivate with Ctrl-A.
Casting: Inner Flame (safe; 1% risk of failure)
Confirm with . or Enter, or press ? or * to list all spells.
Aiming: Stone Arrow (safe; 1% risk of failure)
Press: ? - help, Shift-Dir - straight line, f/p - two-headed ogre
Aim: a two-headed ogre, wielding two +0 giant clubs (inner flame, 89% to hit)
The stone arrow hits the two-headed ogre!!
Flame seeps out of the two-headed ogre.
The two-headed ogre is heavily wounded.
The two-headed ogre is engulfed in blazing flames.
Flame seeps out of the two-headed ogre.
Casting: Stone Arrow (safe; 1% risk of failure)
Confirm with . or Enter, or press ? or * to list all spells.
Flames lash the two-headed ogre.
* * * LOW HITPOINT WARNING * * *
The two-headed ogre explodes!
Your Armour skill increases to level 2!
Your Spellcasting skill increases to level 10!
Your Conjurations skill increases to level 10!
Your Hexes skill increases to level 10!
Your Summonings skill increases to level 10!
Your Necromancy skill increases to level 10!
Your Translocations skill increases to level 10!
Your Fire Magic skill increases to level 10!
Your Ice Magic skill increases to level 10!
Your Air Magic skill increases to level 10!
Your Earth Magic skill increases to level 10!
Your Alchemy skill increases to level 10!
You start resting.
You sense a monster nearby.
Casting: Scorch (safe; 1% risk of failure)
Confirm with . or Enter, or press ? or * to list all spells.
Okay, then.
You miss something.
The shadow strikes at you from the darkness! x2
You die...

# #....# #....#
#....# #....#
####.. #### #+
#.### #..@#
###{# ##
#.##########..
#..)........##.
#........<.....
##...(.......#
#...........#
#.............
#######....##.


There were no monsters in sight!

Vanquished Creatures
  Josephine (D:10)
  2 two-headed ogres
  Pikel (D:7)
  A deep elf pyromancer (D:9)
  A cyclops (D:9)
  Maggie (D:6)
  A freezing wraith (D:10)
  Sigmund (D:2)
  A shadow (D:10)
  3 wyverns
  5 yaks (D:9)
  Menkaure (D:6)
  2 vampire mosquitoes (D:10)
  A water moccasin (D:7)
  An acid dragon (D:8)
  4 orc warriors
  2 black bears
  2 crocodiles (Sewer)
  A centaur (D:8)
  2 phantoms
  4 kobold brigands
  A gnoll sergeant (D:6)
  A necrophage (D:4)
  3 scorpions
  4 wights (D:7)
  6 killer bees (D:7)
  2 electric eels (D:10)
  6 howler monkeys
  3 jellies
  8 orc priests
  A gnoll bouda (D:5)
  2 hounds
  Jessica (D:3)
  2 iguanas
  10 orc wizards
  A sickly merfolk siren (Sewer)
  A malarious merfolk avatar (Sewer)
  A hound skeleton (D:4)
  Robin (D:3)
  7 adders
  11 gnolls
  5 river rats
  2 shadow imps (D:7)
  A white imp (D:8)
  4 ufetubi
  2 dart slugs (D:1)
  44 orcs
  5 bats
  6 endoplasms
  8 giant cockroaches
  21 goblins
  8 hobgoblins
  8 jackals (D:1)
  6 quokkas
  9 ball pythons
  5 frilled lizards
  30 kobolds
  29 rats
303 creatures vanquished.

Vanquished Creatures (collateral kills)
  A rat (D:6)
  5 boulders
  6 foxfires
12 creatures vanquished.

Vanquished Creatures (others)
  10 boulders
  757 foxfires
767 creatures vanquished.

Grand Total: 1082 creatures vanquished

Notes
Turn   | Place    | Note
-------+----------+-------------------------------------------
     0 | D:1      | unlimited1921 the Djinni Fire Elementalist began the quest
                  | for the Orb.
     0 | D:1      | unlimited1921 set off with the following spells memorised:
                  | Foxfire, Scorch, Volatile Blastmotes, Inner Flame, Flame
                  | Wave.
     0 | D:1      | Reached XP level 1. HP: 15/15 MP: 0/0
   259 | D:1      | Reached XP level 2. HP: 16/21 MP: 0/0
   947 | D:1      | Reached XP level 3. HP: 22/25 MP: 0/0
   947 | D:1      | Learned a level 1 spell: Sandblast
  1997 | D:2      | Reached XP level 4. HP: 22/31 MP: 0/0
  3443 | D:2      | Noticed Sigmund
  3457 | D:2      | Killed Sigmund
  3458 | D:2      | Reached XP level 5. HP: 28/35 MP: 0/0
  3458 | D:2      | Learned a level 2 spell: Searing Ray
  3458 | D:2      | Reached XP level 6. HP: 32/40 MP: 0/0
  5417 | D:3      | Noticed Robin
  5430 | D:3      | Killed Robin
  5670 | D:3      | Noticed Jessica
  5672 | D:3      | Killed Jessica
  5673 | D:3      | Reached XP level 7. HP: 42/46 MP: 0/0
  5673 | D:3      | Learned a level 3 spell: Stone Arrow
  6397 | D:4      | Found a burning altar of Makhleb.
  6673 | D:4      | Found Jegoar's Antique Armour Shoppe.
  6714 | D:4      | Bought an embroidered cloak for 195 gold pieces
  6777 | D:4      | Reached skill level 5 in Spellcasting
  6777 | D:4      | Reached skill level 5 in Conjurations
  6777 | D:4      | Reached skill level 5 in Hexes
  6777 | D:4      | Reached skill level 5 in Summonings
  6777 | D:4      | Reached skill level 5 in Necromancy
  6777 | D:4      | Reached skill level 5 in Translocations
  6777 | D:4      | Reached skill level 5 in Fire Magic
  6777 | D:4      | Reached skill level 5 in Ice Magic
  6777 | D:4      | Reached skill level 5 in Air Magic
  6777 | D:4      | Reached skill level 5 in Earth Magic
  6777 | D:4      | Reached skill level 5 in Alchemy
  6847 | D:4      | Found a staircase to the Ecumenical Temple.
  6880 | D:4      | Found an iron altar of Okawaru.
  7136 | D:4      | Found a glowing silver altar of Zin.
  7178 | Temple   | Entered the Ecumenical Temple
  7363 | D:5      | Entered Level 5 of the Dungeon
  7369 | D:5      | Reached skill level 1 in Shields
  7451 | D:5      | Found a broken altar of Ashenzari.
  7456 | D:5      | Found a shadowy altar of Dithmenos.
  7459 | D:5      | Found a sparkling altar of Nemelex Xobeh.
  7459 | D:5      | Found an opulent altar of Gozag.
  7460 | D:5      | Found a white marble altar of Elyvilon.
  7481 | D:5      | Reached XP level 8. HP: 46/51 MP: 0/0
  7576 | D:5      | Became a worshipper of Ashenzari the Shackled
  8848 | D:4      | Bought a pair of runed gloves for 195 gold pieces
  9070 | D:6      | Noticed Menkaure
  9072 | D:6      | Killed Menkaure
  9149 | D:6      | Reached XP level 9. HP: 50/56 MP: 0/0
  9149 | D:6      | Learned a level 4 spell: Brom's Barrelling Boulder
  9172 | D:6      | Found a bloodstained altar of Trog.
  9175 | D:6      | Noticed Maggie
  9184 | D:6      | Killed Maggie
  9185 | D:6      | Reached skill level 5 in Shields
  9235 | D:6      | Found a snail-covered altar of Cheibriados.
  9373 | D:6      | Found a glowing drain.
  9396 | Sewer    | Entered a sewer
  9432 | Sewer    | Reached skill level 1 in Axes
 10848 | D:6      | Found an ornate altar of the Wu Jian Council.
 11631 | D:7      | Noticed Pikel
 11638 | D:7      | Killed Pikel
 11639 | D:7      | Reached skill level 1 in Fighting
 11639 | D:7      | Reached skill level 5 in Stealth
 11639 | D:7      | Reached XP level 10. HP: 52/62 MP: 0/0
 11723 | D:7      | Found a transporter.
 11854 | D:7      | Noticed tymior's ghost (novice DgDe)
 11947 | D:7      | Found a transporter.
 13746 | D:8      | Noticed a two-headed ogre
 13752 | D:8      | Killed a two-headed ogre
 14040 | D:9      | Found Tivekh's Distillery.
 14132 | D:9      | Found Got Vor's Distillery.
 14245 | D:9      | Noticed a deep elf pyromancer
 14251 | D:9      | Killed a deep elf pyromancer
 14345 | D:9      | Reached XP level 11. HP: 58/67 MP: 0/0
 14345 | D:9      | Learned a level 4 spell: Ignite Poison
 14398 | D:9      | Found Viosma's Weapon Shoppe.
 14443 | D:9      | Found Etoost's Distillery.
 14992 | D:9      | Found Uzuogg's Jewellery Boutique.
 15167 | D:9      | Noticed a cyclops
 15173 | D:9      | Killed a cyclops
 15674 | D:10     | Entered Level 10 of the Dungeon
 15807 | D:10     | Found Wenoojoini's Antique Armour Emporium.
 16059 | D:10     | Noticed Josephine
 16066 | D:10     | Killed Josephine
 16067 | D:10     | Reached skill level 10 in Shields
 16155 | D:10     | Reached skill level 1 in Armour
 16160 | D:10     | Noticed a two-headed ogre
 16169 | D:10     | Killed a two-headed ogre
 16170 | D:10     | Reached skill level 10 in Spellcasting
 16170 | D:10     | Reached skill level 10 in Conjurations
 16170 | D:10     | Reached skill level 10 in Hexes
 16170 | D:10     | Reached skill level 10 in Summonings
 16170 | D:10     | Reached skill level 10 in Necromancy
 16170 | D:10     | Reached skill level 10 in Translocations
 16170 | D:10     | Reached skill level 10 in Fire Magic
 16170 | D:10     | Reached skill level 10 in Ice Magic
 16170 | D:10     | Reached skill level 10 in Air Magic
 16170 | D:10     | Reached skill level 10 in Earth Magic
 16170 | D:10     | Reached skill level 10 in Alchemy
 16174 | D:10     | Mangled by a shadow

Illustrated notes

Levels and vault maps discovered:
D:1:      scummos_arrival_hexagon, layout_loops_ring, minmay_gold_behind_fungi
D:2:      cheibrodos_old_hovel, layout_loops_cross, minmay_split_cup_large,
          uniq_sigmund
D:3:      layout_basic, uniq_jessica, uniq_robin
D:4:      layout_rooms, zin_statuary, hellmonk_okawaru_the_only_friend_you_need,
          makhleb_blood_cavern_becter, minmay_temple_entry_junction,
          serial_shops, nicolae_shop_just_a_little_nook
D:5:      layout_gridville, grunt_temple_overflow_open
D:6:      layout_rooms, mainiacjoe_overflow_24_doors,
          mainiacjoe_overflow_boulevard, nicolae_overflow_hidden_temple,
          portal_sewer_entry_b, uniq_menkaure, uniq_maggie
D:7:      layout_basic, gammafunk_ghost_arena, uniq_pikel
D:8:      layout_loops_cross
D:9:      layout_roguey, serial_shops, shop, shop, shop_fountains, shop,
          nicolae_stop_n_shop_2, lemuel_flamethrower_2
D:10:     cheibrodos_ideogram_h, layout_basic, serial_shops, shop,
          minmay_rotating_lava, uniq_josephine
Temple:   hellmonk_temple_flake

Skill      XL: |  1  2  3  4  5  6  7  8  9 10 11 |
---------------+----------------------------------+-----
Stealth        | 2 3 4 5 |  5.1
Dodging        | 3 4 |  4.5
Spellcasting   | 4 5 6 7 8 10 | 10.0
Conjurations   | 4 5 6 7 8 10 | 10.0
Hexes          | 4 5 6 7 8 10 | 10.0
Summonings     | 4 5 6 7 8 10 | 10.0
Necromancy     | 4 5 6 7 8 10 | 10.0
Translocations | 4 5 6 7 8 10 | 10.0
Fire Magic     | 4 5 6 7 8 10 | 10.0
Ice Magic      | 4 5 6 7 8 10 | 10.0
Air Magic      | 4 5 6 7 8 10 | 10.0
Earth Magic    | 4 5 6 7 8 10 | 10.0
Alchemy        | 4 5 6 7 8 10 | 10.0
Shields        | 1 4 6 8 10 | 10.0
Axes           | 2 |  2.6
Fighting       | 1 |  1.2
Armour         | 2 |  2.2

Action                     |  1- 3 |  4- 6 |  7- 9 | 10-12 || total
---------------------------+-------+-------+-------+-------++-------
  Melee: Long sword        |     8 |       |       |       ||     8
         War axe           |       |     7 |    29 |     1 ||    37
   Cast: Foxfire           |    69 |   102 |   186 |   121 ||   478
         Scorch            |     2 |     1 |    11 |    21 ||    35
         Sandblast         |    15 |    11 |       |     2 ||    28
         Inner Flame       |       |     9 |    46 |    51 ||   106
         Stone Arrow       |       |       |    21 |    34 ||    55
         Brom's Barrelling |       |       |    15 |    10 ||    25
         Flame Wave        |       |       |     1 |       ||     1
         Volatile Blastmot |       |       |       |     1 ||     1
 Invoke: Curse Item        |       |       |       |     1 ||     1
    Use: Scroll            |       |       |       |     8 ||     8
   Stab: Sleeping          |       |     1 |     1 |       ||     2
 Armour: Robe              |    14 |     5 |    45 |    19 ||    83
  Dodge: Dodged            |    20 |    12 |    43 |    13 ||    88
  Block: Kite shield       |       |       |     2 |     9 ||    11
